 Dungeon Crawl Stone Soup version 0.21.1 (webtiles) character file.

7006 shakethe the Basher (level 10, -3/95 HPs)
             Began as a Minotaur Berserker on Feb 4, 2018.
             Was an Elder of Trog.
             Killed from afar by a fire dragon (31 damage)
             ... with a blast of flame
             ... on level 10 of the Dungeon.
             The game lasted 00:39:40 (9086 turns).

shakethe the Basher (Minotaur Berserker)            Turns: 9086, Time: 00:39:40

Health: -3/95      AC:  8    Str: 21    XL:     10   Next: 82%
Magic:  3/3        EV: 13    Int:  4    God:    Trog [****..]
Gold:   385        SH:  0    Dex: 14    Spells: 9/9 levels left

rFire    . . .     SeeInvis +   T - +3 battleaxe (antimagic)
rCold    . . .     Gourm    .   (shield currently unavailable)
rNeg     . . .     Faith    .   h - +0 ring mail
rPois    .         Spirit   .   (helmet restricted)
rElec    .         Reflect  .   (no cloak)
rCorr    +         Harm     .   w - +0 pair of gloves
MR       .....                  q - +0 pair of boots
Stlth    +.........             O - amulet of magic regeneration
HPRegen  0.25/turn              r - ring of see invisible
MPRegen  0.33/turn              S - ring of resist corrosion

@: lethally poisoned (-3 -> -4), berserk cooldown, slowed, very slow
A: retaliatory headbutt, horns 2
a: Berserk, Trog's Hand, Brothers in Arms, Burn Spellbooks, Renounce Religion


You were on level 10 of the Dungeon.
You worshipped Trog.
Trog was greatly pleased with you.
You were very hungry.

You visited 1 branch of the dungeon, and saw 10 of its levels.

You collected 385 gold pieces.

Inventory:

Hand Weapons
 A - a +0 whip of freezing
 C - a +0 rapier of electrocution
 J - a +1 hand axe of flaming
 K - a +0 mace
 T - a +3 antimagic battleaxe (weapon)
 U - a cursed -1 falchion
Missiles
 y - 7 javelins of returning (quivered)
Armour
 h - a +0 ring mail (worn)
 q - a +0 pair of boots (worn)
 w - a +0 pair of gloves (worn)
 I - the +0 robe of Plog {+Fly Regen+ Str-4 Dex+5}
   (You found it on level 7 of the Dungeon)

   It affects your strength (-4).
   It affects your dexterity (+5).
   It lets you fly.
   It increases your rate of regeneration.
 Z - a +1 pair of gloves of dexterity
Jewellery
 r - a ring of see invisible (left hand)
 O - an amulet of magic regeneration (around neck)
 R - an uncursed ring of ice
 S - a ring of resist corrosion (right hand)
Wands
 E - a wand of disintegration (22)
 H - a wand of paralysis (21)
 M - a wand of random effects (20)
 Q - a wand of flame (50)
 V - a wand of polymorph (12)
 X - a wand of scattershot (6)
Scrolls
 g - 3 scrolls of teleportation
 i - a scroll of enchant weapon
 k - 3 scrolls of magic mapping
 v - a scroll of amnesia
 z - 4 scrolls of remove curse
 B - 2 scrolls of identify
 F - a scroll of blinking
 P - a scroll of vulnerability
Potions
 d - 5 potions of curing
 e - a potion of berserk rage {unknown}
 f - 3 potions of might {unknown}
 j - a potion of mutation {unknown}
 l - 9 potions of brilliance
 m - a potion of ambrosia {unknown}
 s - a potion of flight {unknown}
 u - 4 potions of lignification {unknown}
 x - a potion of magic {unknown}
 D - a potion of agility
 G - 2 potions of invisibility {unknown}
 L - 4 potions of degeneration {unknown}
 N - 2 potions of haste {unknown}
Comestibles
 c - 17 rations


   Skills:
 - Level 11.1 Fighting
 + Level 7.3(11.6) Axes
 - Level 14.0(14.6) Maces & Flails
 - Level 4.3 Armour
 - Level 4.0 Dodging


You had 9 spell levels left.
You didn't know any spells.

Dungeon Overview and Level Annotations

Branches:
Dungeon (10/15)            Temple (0/1) D:4
   Lair: D:8-11         Orc: D:9-12

Altars:
Hepliaklqana
Makhleb
Okawaru
The Shining One

Shops:
D:7 :   D:9 =


Innate Abilities, Weirdness & Mutations

You reflexively headbutt those who attack you in melee.
You have a pair of horns on your head.


Message History

The fire dragon is lightly wounded.
You feel sick.
You barely miss the fire dragon. Your headbutt misses the fire dragon.
The fire dragon is lightly wounded.
The fire dragon barely misses you. x2; The fire dragon tramples you.
You stumble backwards!
You slash the fire dragon!
The fire dragon is lightly wounded.
The fire dragon breathes flames at you. The blast of flame misses you.
You feel sick.
You feel a strong urge to attack something.
You are no longer berserk.
You are exhausted.
You feel yourself slow down.
You feel sick.
You feel sick. The fire dragon breathes flames at you.
The blast of flame hits you!
You die...

##.###.#.######### #.# #.#
#...##..#........# #.#####.#
.......###.#####.# #.#......
#...##..#.## #.# #.#.###.# ##.#
#.#.## ####.# #.#.# #.# #
#.###.### ##....# #.#.# #.#
#.#####.##...####.....###.#.###.#
..........[......S..............#
#........>...###@D....###...##..#
#####..#.#..## #.#....#.........#
#..(....# #.####.#.######.##
#..#.#.## #.# #.#.# #.# #......#
#.# #.#.# #.# #.##.#######.#
#.#.# #.# #.........##.## #.#.#
#.# #####....[.....###.### #.#
#...#)##...######...# ..


You could see a fire dragon and a water moccasin.

Vanquished Creatures
  An unseen horror (D:8)
  Pikel (D:4)
  The ghost of p0werm0de the Martial Artist, a novice OpMo of Wu Jian (D:8)
  A gargoyle (D:10)
  A troll (D:9)
  A hippogriff (D:8)
  The ghost of komo4ek the Chopper, an amateur HOFi (D:4)
  7 fire bats (D:10)
  Grum (D:9)
  An orc warrior (D:8)
  Duvessa (D:5)
  3 sky beasts
  3 ice beasts
  A phantom (D:5)
  3 centaurs
  3 wolves (D:9)
  A crocodile (D:9)
  2 big kobolds
  2 bullfrogs (D:9)
  Dowan (D:5)
  A scorpion (D:8)
  A centaur zombie (D:8)
  2 hounds (D:6)
  5 orc priests
  A bullfrog skeleton (D:6)
  3 jellies
  17 orc wizards
  3 iguanas
  4 worker ants
  A killer bee zombie (D:7)
  A hound skeleton (D:8)
  A howler monkey zombie (D:5)
  7 gnolls
  A worker ant zombie (D:9)
  10 adders
  2 shadow imps
  An ooze (D:2)
  An adder zombie (D:7)
  2 worms
  A dart slug (D:4)
  4 leopard geckos
  41 orcs
  A ball python (D:2)
  5 giant cockroaches
  5 hobgoblins
  13 jackals
  7 kobolds
  2 quokkas
  6 bats
  6 frilled lizards
  7 goblins
  A jackal skeleton (D:4)
  A quokka skeleton (D:5)
  11 rats
211 creatures vanquished.

Vanquished Creatures (collateral kills)
  2 two-headed ogres
2 creatures vanquished.

Vanquished Creatures (others)
  An orc wizard (D:4)
  A jackal (D:4)
2 creatures vanquished.

Grand Total: 215 creatures vanquished

Notes
Turn   | Place    | Note
-------+----------+-------------------------------------------
     0 | D:1      | shakethe the Minotaur Berserker began the quest for the Orb.
     0 | D:1      | Reached XP level 1. HP: 19/19 MP: 0/0
    57 | D:1      | Reached skill level 4 in Maces & Flails
   102 | D:1      | Found an iron altar of Okawaru.
   110 | D:1      | Reached XP level 2. HP: 23/27 MP: 1/1
   737 | D:2      | Reached ** piety under Trog
   737 | D:2      | Reached XP level 3. HP: 33/33 MP: 2/2
   855 | D:2      | Reached skill level 5 in Maces & Flails
   983 | D:2      | Reached XP level 4. HP: 41/41 MP: 3/3
  2070 | D:4      | Noticed komo4ek's ghost (amateur HOFi)
  2078 | D:4      | Killed komo4ek's ghost
  2078 | D:4      | Reached skill level 5 in Fighting
  2078 | D:4      | Reached skill level 6 in Maces & Flails
  2078 | D:4      | Reached XP level 5. HP: 48/48 MP: 4/4
  2147 | D:5      | Entered Level 5 of the Dungeon
  2155 | D:5      | Reached skill level 7 in Maces & Flails
  2155 | D:5      | Reached XP level 6. HP: 35/56 MP: 5/5
  2496 | D:4      | Reached skill level 8 in Maces & Flails
  2513 | D:4      | Reached *** piety under Trog
  2533 | D:4      | Reached XP level 7. HP: 60/63 MP: 6/6
  2913 | D:4      | Found a staircase to the Ecumenical Temple.
  3270 | D:4      | Noticed Pikel
  3279 | D:4      | Killed Pikel
  3279 | D:4      | Reached skill level 10 in Maces & Flails
  3279 | D:4      | Reached XP level 8. HP: 73/73 MP: 7/7
  3576 | D:5      | Reached **** piety under Trog
  3643 | D:5      | Found an iron altar of Okawaru.
  3913 | D:5      | Noticed Duvessa
  3914 | D:5      | Noticed Dowan
  3921 | D:5      | Killed Duvessa
  3921 | D:5      | Reached skill level 11 in Maces & Flails
  3924 | D:5      | Killed Dowan
  4167 | D:5      | Found a glowing golden altar of the Shining One.
  4858 | D:6      | Reached XP level 9. HP: 79/82 MP: 8/8
  4979 | D:6      | Found a hazy altar of Hepliaklqana.
  5176 | D:7      | Reached skill level 12 in Maces & Flails
  5461 | D:7      | Got an ominously black robe
  5492 | D:7      | Identified the cursed +0 robe of Plog {+Fly Regen+ Str-4 Dex+5} (You found it on level 7 of the Dungeon)
  5693 | D:7      | Found Muott's Book Shop.
  5790 | D:7      | Reached ***** piety under Trog
  6366 | D:8      | Noticed an unseen horror
  6376 | D:8      | Killed an unseen horror
  6376 | D:8      | Reached skill level 10 in Fighting
  6376 | D:8      | Reached skill level 13 in Maces & Flails
  6454 | D:8      | Noticed p0werm0de's ghost (novice OpMo)
  6469 | D:8      | Killed p0werm0de's ghost
  6858 | D:8      | Noticed a two-headed ogre
  6862 | D:8      | Killed a two-headed ogre
  6862 | D:8      | Reached skill level 14 in Maces & Flails
  6862 | D:8      | Reached XP level 10. HP: 94/94 MP: 9/9
  7511 | D:9      | Found a burning altar of Makhleb.
  7893 | D:9      | Noticed Grum
  7912 | D:9      | Killed Grum
  8477 | D:9      | Found Texzi's Jewellery Emporium.
  8593 | D:10     | Entered Level 10 of the Dungeon
  8596 | D:10     | Received a gift from Trog
  8629 | D:10     | Noticed a gargoyle
  8638 | D:10     | Killed a gargoyle
  8664 | D:10     | Noticed a two-headed ogre
  8675 | D:10     | Killed a two-headed ogre
  8812 | D:10     | Reached skill level 5 in Axes
  9067 | D:10     | Noticed a fire dragon
  9068 | D:10     | Found the +7 great mace "Firestarter" {inner flame, rF++}
  9086 | D:10     | Killed from afar by a fire dragon

Skill      XL: |  1  2  3  4  5  6  7  8  9 10 |
---------------+-------------------------------+-----
Maces & Flails | 4 5 6 7 8 10 11 14 | 14.0
Fighting       | 4 5 6 7 8 10 11 | 11.1
Armour         | 4 |  4.3
Dodging        | 4 |  4.0
Axes           | 7 |  7.3

Action                   |  1- 3 |  4- 6 |  7- 9 | 10-12 || total
-------------------------+-------+-------+-------+-------++-------
Melee: Mace              |    84 |       |       |       ||    84
       Headbutt          |    11 |    18 |    82 |    27 ||   138
       Flail             |       |    95 |    53 |       ||   148
       Whip              |       |       |   286 |    78 ||   364
       Battleaxe         |       |       |       |    27 ||    27
Invok: Berserk           |     1 |     2 |     4 |     2 ||     9
       Brothers in Arms  |       |       |     1 |     2 ||     3
  Use: Scroll            |       |     7 |     4 |     5 ||    16
  Eat: Chunk             |       |     4 |    14 |     5 ||    23
       Ration            |       |     1 |     1 |     1 ||     3
Armor: Animal skin       |    11 |       |       |       ||    11
       Ring mail         |    10 |    34 |    74 |    24 ||   142
       Robe              |       |       |     5 |       ||     5
Dodge: Dodged            |    59 |    46 |   122 |    58 ||   285
